[Event "42nd Olympiad Baku 2016 Women"]
[Site "Baku"]
[Date "2016.09.04"]
[Round "3.24"]
[White "Goswami, Sugandha"]
[Black "Johnson, Gabriella"]
[Result "0-1"]
[ECO "B71"]
[WhiteElo "1276"]
[BlackElo "1794"]
[Annotator ""]
[PlyCount "54"]
[EventDate "2016.??.??"]
[EventCountry "AZE"]
[SourceTitle "playchess.com"]
[Source "ChessBase"]
[WhiteTeam "Fiji"]
[BlackTeam "TTO"]
[WhiteTeamCountry "FIJ"]
[TimeControl "40/5400+30:1800+30"]

1. e4 {(00:00)} c5 {(00:00)} 2. Nf3 {(00:26)} d6 {(
00:00)} 3. d4 {(02:30)} cxd4 {(00:00)} 4. Nxd4 {(00:42)}
Nf6 {(00:00)} 5. Nc3 {(00:42)} g6 {(00:04)} 6. f4 {
(07:32)} Bg7 {(02:56)} 7. e5 {(09:19)} dxe5 {(00:
16)} 8. fxe5 {(02:31)} Ng4 {(01:49)} 9. Bb5+ {(03:38)} Nc6
{(08:13)} 10. Nxc6 {(02:51)} Qxd1+ {(05:03)} 11. Nxd1 {
(01:00)} a6 {(00:56)} 12. Ba4 {(06:45)} Bd7 {(01:
07)} 13. O-O {(07:13)} Bxc6 {(06:55)} 14. Bxc6+ {(04:10)}
bxc6 {(00:10)} 15. Bf4 {(02:21)} Nxe5 {(00:57)} 16. Nc3 {
(07:23)} Nc4 {(02:20)} 17. Na4 {(03:32)} Nxb2 {(04:
15)} 18. Nxb2 {(00:24)} Bxb2 {(00:06)} 19. Rab1 {(00:48)}
Bd4+ {(00:59)} 20. Kh1 {(00:37)} O-O {(04:39)} 21. Rbd1 {
(02:50)} e5 {(03:38)} 22. Bh6 {(02:10)} Rfe8 {(07:
54)} 23. Rf6 {(04:40)} c5 {(10:02)} 24. c4 {(02:24)} e4 {
(01:04)} 25. Rff1 {(08:40)} e3 {(01:26)} 26. Rde1 {
(04:21)} e2 {(01:13)} 27. Rf3 {(02:32)} Rab8 {(00:
39)} 0-1

[Event "42nd Olympiad Baku 2016 Women"]
[Site "Baku"]
[Date "2016.09.04"]
[Round "3.30"]
[White "Granados Diaz, Maria Esther"]
[Black "Petrenko, Svetlana"]
[Result "1/2-1/2"]
[ECO "B06"]
[WhiteElo "1831"]
[BlackElo "2176"]
[Annotator ""]
[PlyCount "119"]
[EventDate "2016.??.??"]
[EventCountry "AZE"]
[SourceTitle "playchess.com"]
[Source "ChessBase"]
[WhiteTeam "Nicaragua"]
[BlackTeam "Moldova"]
[WhiteTeamCountry "NCA"]
[BlackTeamCountry "MDA"]
[TimeControl "40/5400+30:1800+30"]

1. e4 {(00:00)} g6 {(00:00)} 2. d4 {(00:00)} Bg7 {(
00:00)} 3. Nc3 {(00:00)} c6 {(00:00)} 4. Be3 {(00:19)} Qb6
{(04:20)} 5. a3 {(13:38)} d6 {(02:54)} 6. Nf3 {(01:
45)} Nf6 {(01:25)} 7. h3 {(00:22)} O-O {(04:06)} 8. Be2 {
(05:40)} a5 {(08:08)} 9. O-O {(03:16)} Qc7 {(02:09]
} 10. Qd2 {(05:39)} Re8 {(07:58)} 11. Bh6 {(10:02)} Bh8 {
(00:13)} 12. Bc4 {(03:03)} b5 {(07:47)} 13. Bb3 {(
01:00)} e6 {(02:19)} 14. Rfe1 {(07:02)} Nbd7 {(03:50)} 15.
d5 {(03:20)} Nc5 {(01:43)} 16. dxe6 {(08:57)} fxe6 {
(01:02)} 17. e5 {(03:15)} Nxb3 {(03:27)} 18. cxb3 {
(00:37)} Nd5 {(04:03)} 19. exd6 {(02:00)} Qxd6 {(
00:11)} 20. Ne4 {(00:58)} Qc7 {(10:57)} 21. Rac1 {(08:32)}
Bd7 {(01:55)} 22. Nc5 {(00:40)} e5 {(03:45)} 23. Ne4 {
(13:19)} Rac8 {(03:59)} 24. Nh4 {(01:59)} Be6 {(06:
02)} 25. Rc5 {(00:42)} a4 {(01:42)} 26. Rec1 {(00:23)}
axb3 {(03:59)} 27. Rxc6 {(00:52)} Qxc6 {(01:08)} 28. Rxc6
{(00:02)} Rxc6 {(00:06)} 29. Ng5 {(01:25)} Nf4 {(
09:13)} 30. Nxe6 {(00:12)} Nxe6 {(02:14)} 31. Qd5 {(00:11]
} Rc5 {(01:57)} 32. Qxb3 {(03:44)} Bf6 {(00:10)} 33. Nf3 {
(00:15)} Kf7 {(00:29)} 34. Ng5+ {(00:40)} Bxg5 {(
00:06)} 35. Bxg5 {(00:01)} Kg7 {(01:07)} 36. Be3 {(00:59)}
Nd4 {(00:28)} 37. Qb4 {(00:58)} Rd5 {(00:53)} 38. Qa5 {
(01:12)} Red8 {(00:49)} 39. Bg5 {(00:54)} R8d7 {(
00:36)} 40. Qb6 {(00:00)} R5d6 {(00:00)} 41. Qb8 {(03:01)}
Re6 {(09:16)} 42. Qc8 {(03:52)} Rf7 {(01:19)} 43. Be3 {
(01:30)} Ree7 {(06:04)} 44. Qc5 {(01:18)} h6 {(00:
35)} 45. Bxd4 {(01:33)} exd4 {(00:02)} 46. Qxd4+ {(00:08)}
Kh7 {(00:05)} 47. b3 {(02:18)} Re1+ {(01:39)} 48. Kh2 {
(00:05)} Re2 {(00:48)} 49. Kg3 {(00:30)} h5 {(00:
26)} 50. h4 {(03:22)} Ra2 {(06:33)} 51. Qc5 {(02:32)} Rf5
{(01:44)} 52. Qc7+ {(01:46)} Kg8 {(00:17)} 53. Qd8+ {
(02:58)} Kg7 {(00:27)} 54. Qe7+ {(02:33)} Rf7 {(03:
17)} 55. Qe5+ {(01:11)} Kh7 {(00:04)} 56. Qxb5 {(00:53)}
Rxa3 {(01:39)} 57. Qd5 {(02:40)} Raa7 {(00:52)} 58. b4 {
(00:51)} Rad7 {(01:07)} 59. Qc6 {(00:57)} Rc7 {(00:
14)} 60. Qe6 {(02:00)} 1/2-1/2

[Event "42nd Olympiad Baku 2016 Women"]
[Site "Baku"]
[Date "2016.09.04"]
[Round "3.22"]
[White "Guindy, Esmat"]
[Black "Vega Gutierrez, Sabrina"]
[Result "0-1"]
[ECO "A20"]
[WhiteElo "2149"]
[BlackElo "2411"]
[Annotator ""]
[PlyCount "66"]
[EventDate "2016.??.??"]
[EventCountry "AZE"]
[SourceTitle "playchess.com"]
[Source "ChessBase"]
[WhiteTeam "Denmark"]
[BlackTeam "Spain"]
[WhiteTeamCountry "DEN"]
[BlackTeamCountry "ESP"]
[TimeControl "40/5400+30:1800+30"]

1. c4 {(00:00)} e5 {(00:41)} 2. g3 {(00:00)} d6 {(
00:41)} 3. Bg2 {(00:06)} f5 {(00:50)} 4. Nc3 {(04:51)} Nf6
{(00:23)} 5. d3 {(04:38)} g6 {(03:46)} 6. Nf3 {(00:
51)} Bg7 {(00:21)} 7. O-O {(03:40)} O-O {(00:54)} 8. Be3 {
(22:40)} h6 {(02:37)} 9. Qc1 {(02:37)} g5 {(13:12)}
10. Ne1 {(00:35)} Nc6 {(08:57)} 11. Nc2 {(02:37)} Ne7 {
(03:05)} 12. b4 {(06:56)} Ng6 {(00:58)} 13. b5 {(
03:36)} f4 {(03:04)} 14. Bd2 {(00:19)} Rb8 {(00:52)} 15.
Nb4 {(01:50)} Be6 {(01:28)} 16. Rb1 {(06:40)} Qd7 {
(10:59)} 17. Ncd5 {(03:05)} Bh3 {(02:22)} 18. Nxf6+ {
(01:15)} Rxf6 {(01:02)} 19. Bd5+ {(03:17)} Kh8 {(
00:29)} 20. Re1 {(00:20)} Ne7 {(24:14)} 21. Bh1 {(01:32)}
Rbf8 {(02:13)} 22. Bxb7 {(05:23)} fxg3 {(03:44)} 23. fxg3
{(00:30)} Qg4 {(00:53)} 24. Be3 {(04:24)} h5 {(07:
09)} 25. Bxg5 {(10:17)} Rf1+ {(02:18)} 26. Rxf1 {(00:04)}
Rxf1+ {(00:11)} 27. Qxf1 {(00:05)} Bxf1 {(00:08)} 28. Bxe7
{(00:16)} Bxe2 {(00:24)} 29. Kf2 {(02:29)} Bd1 {(
02:51)} 30. Kg2 {(03:16)} Qe2+ {(00:09)} 31. Kh3 {(00:17)}
Qf1+ {(01:07)} 32. Kh4 {(00:12)} Qf5 {(00:10)} 33. h3 {
(00:44)} Bf6+ {(00:11)} 0-1

[Event "42nd Olympiad Baku 2016 Women"]
[Site "Baku"]
[Date "2016.09.04"]
[Round "3.16"]
[White "Gutmakher, Olga"]
[Black "Kouvatsou, Maria"]
[Result "1-0"]
[ECO "C42"]
[WhiteElo "2216"]
[BlackElo "2085"]
[Annotator ""]
[PlyCount "75"]
[EventDate "2016.??.??"]
[EventCountry "AZE"]
[SourceTitle "playchess.com"]
[Source "ChessBase"]
[WhiteTeam "Israel"]
[BlackTeam "Greece"]
[WhiteTeamCountry "ISR"]
[BlackTeamCountry "GRE"]
[TimeControl "40/5400+30:1800+30"]

1. e4 {(00:00)} e5 {(00:00)} 2. Nf3 {(00:00)} Nf6 {
(00:00)} 3. Nxe5 {(00:00)} d6 {(00:00)} 4. Nf3 {(
00:36)} Nxe4 {(00:00)} 5. Nc3 {(00:04)} Nxc3 {(00:01)} 6.
dxc3 {(00:10)} Be7 {(00:52)} 7. Bf4 {(00:16)} O-O {
(00:58)} 8. Qd2 {(00:18)} Nd7 {(00:14)} 9. O-O-O {(
00:10)} Nc5 {(00:31)} 10. h4 {(01:01)} Bg4 {(05:39)} 11.
Bc4 {(02:37)} Qd7 {(05:20)} 12. Be3 {(24:43)} Be6 {
(24:35)} 13. Bd5 {(11:50)} c6 {(11:35)} 14. Bxe6 {(
01:47)} Qxe6 {(00:15)} 15. Kb1 {(01:50)} d5 {(01:54)} 16.
Ng5 {(05:33)} Qd7 {(15:01)} 17. f3 {(04:21)} b5 {(
02:05)} 18. g4 {(05:36)} Na4 {(13:44)} 19. Qd3 {(08:40)}
f5 {(00:21)} 20. Rdg1 {(01:02)} Bxg5 {(06:30)} 21. hxg5 {
(03:57)} g6 {(00:23)} 22. Bd4 {(01:08)} Rae8 {(02:
18)} 23. b3 {(02:59)} Nb6 {(00:36)} 24. Rh6 {(01:50)} Qe6
{(06:13)} 25. Rxh7 {(09:04)} Kxh7 {(02:39)} 26. Rh1+ {
(00:15)} Kg8 {(00:06)} 27. Rh8+ {(00:08)} Kf7 {(00:
04)} 28. Rh7+ {(00:18)} Kg8 {(00:12)} 29. Rg7+ {(00:20)}
Kh8 {(00:05)} 30. Rxg6+ {(01:42)} Kh7 {(00:29)} 31. Rxe6 {
(02:58)} Rxe6 {(00:26)} 32. gxf5 {(00:19)} Re1+ {(
00:54)} 33. Kb2 {(00:10)} Nc4+ {(01:13)} 34. bxc4 {(00:12]
} bxc4 {(00:05)} 35. Qd2 {(00:34)} Rb8+ {(00:14)} 36. Ka3
{(00:07)} Reb1 {(01:26)} 37. g6+ {(01:11)} Kg8 {(
00:23)} 38. Qh6 {(00:10)} 1-0

[Event "42nd Olympiad Baku 2016 Women"]
[Site "Baku"]
[Date "2016.09.04"]
[Round "3.26"]
[White "Havlikova, Kristyna"]
[Black "Coimbra, Margarida"]
[Result "1/2-1/2"]
[ECO "C78"]
[WhiteElo "2271"]
[BlackElo "2078"]
[Annotator ""]
[PlyCount "159"]
[EventDate "2016.??.??"]
[EventCountry "AZE"]
[SourceTitle "playchess.com"]
[Source "ChessBase"]
[WhiteTeam "Czech Republic"]
[BlackTeam "Portugal"]
[WhiteTeamCountry "CZE"]
[BlackTeamCountry "POR"]
[TimeControl "40/5400+30:1800+30"]

1. e4 {(00:00)} e5 {(00:00)} 2. Nf3 {(00:00)} Nc6 {
(00:00)} 3. Bb5 {(00:00)} a6 {(00:02)} 4. Ba4 {(00:
00)} Nf6 {(00:13)} 5. O-O {(00:04)} b5 {(00:15)} 6. Bb3 {
(00:08)} Bc5 {(00:18)} 7. a4 {(00:17)} Bb7 {(00:50]
} 8. d3 {(00:20)} d6 {(01:03)} 9. Nc3 {(00:37)} b4 {
(02:30)} 10. Ne2 {(00:28)} O-O {(14:54)} 11. Ng3 {(
02:01)} Nd4 {(12:22)} 12. Nxd4 {(03:29)} Bxd4 {(00:31)}
13. Nf5 {(07:44)} Bc5 {(25:25)} 14. Qf3 {(18:22)} Bc8 {
(10:48)} 15. Bg5 {(05:57)} Be6 {(08:12)} 16. Bd5 {(
05:29)} Rb8 {(02:48)} 17. Nh6+ {(18:39)} Kh8 {(00:19)} 18.
h3 {(01:07)} a5 {(03:27)} 19. Rab1 {(06:21)} Rc8 {(
05:36)} 20. Bc6 {(03:55)} Rb8 {(01:03)} 21. Ng4 {(07:21)}
Bxg4 {(00:19)} 22. hxg4 {(00:05)} Rb6 {(00:24)} 23. Bxf6 {
(02:50)} Qxf6 {(00:17)} 24. Qxf6 {(00:04)} gxf6 {(
00:09)} 25. Bd7 {(00:03)} Rd8 {(02:29)} 26. Bf5 {(00:21)}
d5 {(03:27)} 27. exd5 {(01:48)} Rxd5 {(00:10)} 28. g3 {
(00:10)} h6 {(02:21)} 29. Kg2 {(00:18)} Kg8 {(00:
49)} 30. Rh1 {(00:56)} Bf8 {(00:11)} 31. Rbe1 {(02:56)}
Bg7 {(01:04)} 32. Re2 {(03:31)} Rd8 {(02:22)} 33. Be4 {
(01:00)} c5 {(00:43)} 34. Rc1 {(02:20)} Rdb8 {(00:
36)} 35. Bf5 {(00:53)} Bf8 {(00:30)} 36. f4 {(03:02)} Bg7
{(00:36)} 37. Kf3 {(00:27)} Rd8 {(00:32)} 38. Rce1 {
(02:27)} Rbd6 {(00:37)} 39. b3 {(00:39)} Rd4 {(00:
35)} 40. Rh1 {(00:00)} R8d6 {(00:00)} 41. Rh5 {(08:14)}
Kf8 {(04:40)} 42. Rh1 {(04:42)} Rb6 {(02:22)} 43. Re4 {
(02:55)} Rbd6 {(03:23)} 44. Rc1 {(01:43)} Rb6 {(01:
45)} 45. Ke2 {(02:27)} Ke7 {(01:41)} 46. Rf1 {(05:40)} Rb8
{(07:36)} 47. Re3 {(00:59)} Rh8 {(01:04)} 48. Rh1 {
(03:41)} Rb8 {(02:21)} 49. Be4 {(00:37)} Rg8 {(01:
45)} 50. Rf1 {(00:47)} Bh8 {(00:53)} 51. Bf5 {(02:04)} Bg7
{(02:15)} 52. Bh7 {(00:11)} Rh8 {(00:35)} 53. Be4 {
(00:10)} Rg8 {(03:54)} 54. Ref3 {(00:22)} Rf8 {(00:
18)} 55. Bc6 {(00:33)} Kd6 {(01:48)} 56. Bb5 {(00:43)} e4
{(00:49)} 57. dxe4 {(00:27)} Rxe4+ {(00:05)} 58. Re3 {
(00:08)} Rxe3+ {(00:47)} 59. Kxe3 {(00:02)} Rd8 {(
00:24)} 60. Rd1+ {(03:27)} Kc7 {(00:23)} 61. Rxd8 {(00:04]
} Kxd8 {(00:07)} 62. Ke4 {(00:01)} Bf8 {(02:43)} 63. Kd5 {
(00:16)} Be7 {(00:23)} 64. Kc6 {(00:50)} f5 {(00:
35)} 65. gxf5 {(01:05)} h5 {(00:20)} 66. Kb6 {(01:28)} h4
{(00:23)} 67. gxh4 {(00:55)} Bxh4 {(00:06)} 68. Kxa5 {
(01:07)} Kc7 {(00:47)} 69. Bc4 {(00:53)} f6 {(00:
15)} 70. Kb5 {(00:04)} Bf2 {(00:12)} 71. Bd5 {(00:55)} Kb8
{(00:36)} 72. a5 {(01:15)} Ka7 {(00:06)} 73. Be6 {(
00:28)} Be3 {(00:12)} 74. Bc8 {(00:13)} Bd4 {(00:19)} 75.
Kc4 {(00:04)} Be3 {(00:23)} 76. c3 {(00:29)} bxc3 {
(00:05)} 77. Kxc3 {(00:03)} Bxf4 {(00:14)} 78. Kc4 {
(00:03)} Be3 {(00:08)} 79. Kd5 {(00:03)} Bf2 {(00:
14)} 80. Kc6 1/2-1/2

[Event "42nd Olympiad Baku 2016 Women"]
[Site "Baku"]
[Date "2016.09.04"]
[Round "3.5"]
[White "Heinatz, Gundula"]
[Black "Diaz Cesar, Wilsaida Pieranlly"]
[Result "1-0"]
[ECO "A05"]
[WhiteElo "2205"]
[BlackElo "1889"]
[Annotator ""]
[PlyCount "99"]
[EventDate "2016.??.??"]
[EventCountry "AZE"]
[SourceTitle "playchess.com"]
[Source "ChessBase"]
[WhiteTeam "Switzerland"]
[BlackTeam "Dominican Republic"]
[WhiteTeamCountry "SUI"]
[BlackTeamCountry "DOM"]
[TimeControl "40/5400+30:1800+30"]

1. Nf3 {(00:00)} Nf6 {(00:00)} 2. d4 {(00:00)} d5 {
(00:00)} 3. g3 {(00:00)} e6 {(01:14)} 4. Bg2 {(00:
02)} Be7 {(00:06)} 5. O-O {(00:10)} O-O {(00:05)} 6. c4 {
(00:12)} b6 {(01:53)} 7. Nc3 {(01:29)} Bb7 {(00:07]
} 8. Ne5 {(03:24)} c6 {(02:38)} 9. e3 {(08:00)} Nbd7 {
(04:27)} 10. f4 {(05:00)} Qc7 {(01:16)} 11. Qe2 {(
04:02)} Rac8 {(00:55)} 12. b3 {(00:53)} dxc4 {(01:41)} 13.
bxc4 {(04:35)} c5 {(00:57)} 14. Nxd7 {(00:47)} Qxd7 {
(00:28)} 15. d5 {(00:25)} exd5 {(00:46)} 16. cxd5 {
(00:09)} a6 {(02:11)} 17. e4 {(01:38)} b5 {(01:07)}
18. Nd1 {(15:26)} c4 {(01:30)} 19. Ne3 {(02:30)} c3 {
(03:37)} 20. d6 {(09:46)} Bd8 {(03:56)} 21. e5 {(
01:05)} Bxg2 {(02:50)} 22. Qxg2 {(05:14)} Ng4 {(04:26)}
23. Nd5 {(04:38)} Kh8 {(04:46)} 24. Rb1 {(04:07)} Qa7+ {
(03:59)} 25. Kh1 {(00:13)} Qc5 {(01:17)} 26. h3 {(
01:45)} Nh6 {(00:59)} 27. f5 {(09:54)} Ng8 {(04:40)} 28.
Be3 {(00:27)} Qc6 {(08:56)} 29. Rb3 {(00:25)} Qe8 {
(05:15)} 30. Bf4 {(03:34)} Ba5 {(00:48)} 31. Rc1 {(
00:47)} Rc5 {(06:48)} 32. Nxc3 {(01:53)} Qc8 {(03:32)} 33.
Ne2 {(00:07)} Rxc1+ {(00:06)} 34. Nxc1 {(00:12)} Qxf5 {
(00:13)} 35. Ne2 {(02:30)} Qc2 {(02:28)} 36. Nd4 {(
02:48)} Qd1+ {(00:16)} 37. Qg1 {(00:05)} Qh5 {(01:59)} 38.
Kg2 {(04:47)} Bb6 {(02:58)} 39. Rd3 {(01:04)} Qg6 {
(00:20)} 40. Qd1 {(00:00)} Qe4+ {(00:00)} 41. Nf3 {
(01:14)} f6 {(03:41)} 42. d7 {(11:14)} fxe5 {(02:
44)} 43. Bxe5 {(03:08)} Bd8 {(02:08)} 44. Rd4 {(05:26)}
Qb7 {(05:17)} 45. Qd3 {(02:21)} a5 {(07:10)} 46. Qe4 {
(00:51)} Qxe4 {(03:17)} 47. Rxe4 {(00:01)} Nf6 {(
00:23)} 48. Bxf6 {(00:17)} gxf6 {(00:02)} 49. Nd4 {(01:01]
} Bb6 {(07:55)} 50. Re8 {(02:36)} 1-0

[Event "42nd Olympiad Baku 2016 Women"]
[Site "Baku"]
[Date "2016.09.04"]
[Round "3.11"]
[White "Hejazipour, Mitra"]
[Black "Berzina, Ilze"]
[Result "0-1"]
[ECO "D19"]
[WhiteElo "2314"]
[BlackElo "2241"]
[Annotator ""]
[PlyCount "86"]
[EventDate "2016.??.??"]
[EventCountry "AZE"]
[SourceTitle "playchess.com"]
[Source "ChessBase"]
[WhiteTeam "Iran"]
[BlackTeam "Latvia"]
[WhiteTeamCountry "IRI"]
[BlackTeamCountry "LAT"]
[TimeControl "40/5400+30:1800+30"]

1. d4 d5 {(00:00)} 2. c4 {(00:23)} c6 {(00:01)} 3. Nf3 {
(00:16)} Nf6 {(00:19)} 4. Nc3 {(00:21)} dxc4 {(00:
41)} 5. a4 {(00:12)} Bf5 {(00:36)} 6. e3 {(00:25)} e6 {
(00:44)} 7. Bxc4 {(00:12)} Bb4 {(00:36)} 8. O-O {(
00:20)} O-O {(00:16)} 9. Qe2 {(00:06)} Nbd7 {(00:40)} 10.
e4 {(00:40)} Bg6 {(00:28)} 11. Bd3 {(00:11)} Bh5 {(
12:39)} 12. e5 {(03:44)} Nd5 {(00:17)} 13. Nxd5 {(00:22)}
cxd5 {(00:46)} 14. Qe3 {(09:16)} Be7 {(09:17)} 15. Bd2 {
(03:38)} Nb8 {(07:04)} 16. h3 {(12:07)} Nc6 {(02:
08)} 17. g4 {(02:00)} Bg6 {(00:34)} 18. a5 {(02:15)} a6 {
(03:23)} 19. Ne1 {(04:05)} Rc8 {(03:00)} 20. Bxg6 {
(16:36)} hxg6 {(06:39)} 21. Nd3 {(00:57)} Na7 {(07:
07)} 22. Rac1 {(07:21)} Qd7 {(05:19)} 23. h4 {(16:14)}
Rxc1 {(04:01)} 24. Rxc1 {(04:38)} Rc8 {(01:07)} 25. h5 {
(06:26)} Rxc1+ {(00:30)} 26. Bxc1 {(00:01)} gxh5 {(
01:01)} 27. gxh5 {(00:02)} Qa4 {(01:24)} 28. Qe2 {(04:27)}
Nc6 {(03:56)} 29. h6 {(00:56)} Qxd4 {(02:51)} 30. hxg7 {
(00:58)} Qh4 {(03:04)} 31. Kg2 {(03:01)} Qe4+ {(02:
52)} 32. Qf3 {(01:16)} Kxg7 {(00:56)} 33. Bd2 {(00:02)}
Kg6 {(02:35)} 34. Bc3 {(01:31)} Qxf3+ {(01:00)} 35. Kxf3 {
(00:02)} d4 {(00:19)} 36. Bd2 {(00:02)} Kf5 {(00:
09)} 37. Bf4 {(00:19)} Nxa5 {(01:01)} 38. Ke2 {(01:53)}
Nc6 {(02:43)} 39. Bh2 {(00:06)} Nb4 {(02:27)} 40. Nxb4 {
(00:00)} Bxb4 {(00:00)} 41. Kd3 {(00:32)} Bc5 {(00:
29)} 42. f3 {(00:24)} b5 {(04:08)} 43. Bg3 {(00:18)} a5 {
(00:45)} 0-1

[Event "42nd Olympiad Baku 2016 Women"]
[Site "Baku"]
[Date "2016.09.04"]
[Round "3.14"]
[White "Heredia Serrano, Carla"]
[Black "Atthaworadej, Worasuda"]
[Result "1/2-1/2"]
[ECO "A01"]
[WhiteElo "2075"]
[BlackElo "1748"]
[Annotator ""]
[PlyCount "83"]
[EventDate "2016.??.??"]
[EventCountry "AZE"]
[SourceTitle "playchess.com"]
[Source "ChessBase"]
[WhiteTeam "Ecuador"]
[BlackTeam "Thailand"]
[WhiteTeamCountry "ECU"]
[BlackTeamCountry "THA"]
[TimeControl "40/5400+30:1800+30"]

1. b3 {(00:00)} c5 {(01:25)} 2. Bb2 {(00:00)} Nc6 {
(00:47)} 3. Nf3 {(00:23)} d5 {(00:33)} 4. e3 {(00:
22)} a6 {(02:49)} 5. d4 {(05:27)} Nf6 {(07:51)} 6. dxc5 {
(04:22)} Bg4 {(07:40)} 7. Be2 {(12:58)} e6 {(03:42]
} 8. O-O {(01:34)} Bxc5 {(02:14)} 9. Nbd2 {(00:07)} O-O {
(00:59)} 10. Rc1 {(06:00)} Qe7 {(06:30)} 11. c4 {(
05:30)} Ba3 {(05:25)} 12. Bxa3 {(03:53)} Qxa3 {(00:43)}
13. cxd5 {(13:50)} Nxd5 {(03:17)} 14. Bd3 {(12:26)} Bxf3 {
(14:41)} 15. gxf3 {(11:10)} Rac8 {(05:37)} 16. f4 {
(04:29)} Rfd8 {(04:32)} 17. Bb1 {(02:47)} Qb4 {(10:
05)} 18. Rc4 {(00:48)} Qa5 {(01:53)} 19. Qc2 {(01:20)} Nf6
{(05:07)} 20. Ne4 {(01:03)} Nxe4 {(02:29)} 21. Qxe4 {
(00:02)} Qh5 {(01:09)} 22. b4 {(07:01)} Rd5 {(06:
04)} 23. Bc2 {(04:47)} Rcd8 {(00:48)} 24. Bb3 {(00:33)}
Rf5 {(03:47)} 25. Qg2 {(00:46)} Rf6 {(01:40)} 26. Bc2 {
(00:18)} Rd2 {(00:26)} 27. Be4 {(00:56)} Rxa2 {(00:
33)} 28. Rc5 {(00:13)} Qh6 {(00:42)} 29. Rd1 {(00:34)} g6
{(00:30)} 30. Bxc6 {(00:39)} bxc6 {(00:13)} 31. Rxc6 {
(00:24)} Qf8 {(00:25)} 32. Qe4 {(00:38)} Rf5 {(00:
32)} 33. Rdc1 {(00:13)} Qe7 {(00:43)} 34. Qc4 {(00:43)}
Ra4 {(00:22)} 35. Qc3 {(00:30)} Qf6 {(00:36)} 36. Rc8+ {
(00:30)} Kg7 {(00:08)} 37. Qd2 {(00:34)} Rd5 {(00:
43)} 38. Qe1 {(00:20)} Rb5 {(00:31)} 39. R8c4 {(00:35)} a5
{(00:44)} 40. bxa5 {(00:00)} Rbxa5 {(00:00)} 41. Rxa4 {
(13:16)} Rxa4 {(00:28)} 42. Qd2 {(05:59)} 1/2-1/2

[Event "42nd Olympiad Baku 2016 Women"]
[Site "Baku"]
[Date "2016.09.04"]
[Round "3.18"]
[White "Herrera, Marjorie"]
[Black "Monroy G, Nataly A"]
[Result "0-1"]
[ECO "B34"]
[WhiteElo "1738"]
[BlackElo "2105"]
[Annotator ""]
[PlyCount "20"]
[EventDate "2016.??.??"]
[EventCountry "AZE"]
[SourceTitle "playchess.com"]
[Source "ChessBase"]
[WhiteTeam "El Salvador"]
[BlackTeam "Bolivia"]
[WhiteTeamCountry "ESA"]
[BlackTeamCountry "BOL"]
[TimeControl "40/5400+30:1800+30"]

1. e4 {(00:00)} c5 {(00:00)} 2. Nf3 {(00:10)} Nc6 {
(00:37)} 3. d4 {(00:11)} cxd4 {(00:25)} 4. Nxd4 {(
00:15)} g6 {(01:28)} 5. Nc3 {(00:23)} Bg7 {(00:42)} 6. Be3
{(00:39)} Nf6 {(01:06)} 7. f3 {(00:47)} O-O {(02:
11)} 8. Bc4 {(02:06)} Qb6 {(05:39)} 9. Qd3 {(07:46)} Ne5 {
(01:24)} 10. Qe2 {(04:08)} Qxb2 {(01:39)} 0-1

[Event "42nd Olympiad Baku 2016 Women"]
[Site "Baku"]
[Date "2016.09.04"]
[Round "3.31"]
[White "Hincu, Olga"]
[Black "Alarcon, Pamela"]
[Result "1-0"]
[ECO "A10"]
[WhiteElo "2125"]
[BlackElo "1834"]
[Annotator ""]
[PlyCount "71"]
[EventDate "2016.??.??"]
[EventCountry "AZE"]
[SourceTitle "playchess.com"]
[Source "ChessBase"]
[WhiteTeam "Moldova"]
[BlackTeam "Nicaragua"]
[WhiteTeamCountry "MDA"]
[BlackTeamCountry "NCA"]
[TimeControl "40/5400+30:1800+30"]

1. c4 {(00:00)} g6 {(03:44)} 2. Nc3 {(00:00)} Bg7 {
(00:05)} 3. g3 {(00:00)} c6 {(00:29)} 4. Bg2 {(00:
00)} d6 {(00:17)} 5. e3 {(00:42)} Bd7 {(00:19)} 6. Nge2 {
(00:20)} Qc8 {(00:21)} 7. d4 {(01:36)} Na6 {(00:51]
} 8. a3 {(03:57)} Rb8 {(00:42)} 9. b4 {(01:13)} Nc7 {
(00:28)} 10. Bd2 {(07:23)} e5 {(00:47)} 11. Ne4 {(
01:05)} Bf8 {(01:25)} 12. dxe5 {(02:33)} dxe5 {(00:06)}
13. Bc3 {(01:23)} f6 {(00:11)} 14. f4 {(01:24)} Ne6 {
(20:35)} 15. fxe5 {(01:32)} Qc7 {(01:41)} 16. exf6 {
(01:22)} Kf7 {(00:08)} 17. Bh3 {(03:46)} h6 {(00:
09)} 18. Be5 {(01:27)} Qxe5 {(22:43)} 19. Qxd7+ {(00:05)}
Ne7 {(00:08)} 20. Bxe6+ {(00:11)} Qxe6 {(00:20)} 21. Qxe6+
{(01:15)} Kxe6 {(00:10)} 22. Nf4+ {(00:50)} Kf5 {(
00:46)} 23. fxe7 {(00:05)} Bxe7 {(00:23)} 24. Nd2 {(00:46]
} g5 {(03:13)} 25. e4+ {(00:15)} Kf6 {(04:41)} 26. e5+ {
(00:29)} Kf5 {(09:32)} 27. Nd3 {(00:08)} Rhd8 {(00:
17)} 28. Rf1+ {(00:31)} Ke6 {(01:47)} 29. Ke2 {(00:07)}
Rd4 {(00:31)} 30. Rf3 {(02:22)} Rbd8 {(00:16)} 31. Raf1 {
(06:25)} g4 {(00:32)} 32. Re3 {(03:04)} Bg5 {(00:
23)} 33. Nc5+ {(00:35)} Ke7 {(00:18)} 34. Rd3 {(00:20)}
Bxd2 {(00:20)} 35. Rxd4 {(00:52)} Rxd4 {(00:08)} 36. Nb3 {
(00:04)} 1-0

[Event "42nd Olympiad Baku 2016 Women"]
[Site "Baku"]
[Date "2016.09.04"]
[Round "3.2"]
[White "Hoang, Thi Bao Tram"]
[Black "Ju, Wenjun"]
[Result "1/2-1/2"]
[ECO "E32"]
[WhiteElo "2325"]
[BlackElo "2583"]
[Annotator ""]
[PlyCount "62"]
[EventDate "2016.??.??"]
[EventCountry "AZE"]
[SourceTitle "playchess.com"]
[Source "ChessBase"]
[WhiteTeam "Vietnam"]
[BlackTeam "China"]
[WhiteTeamCountry "VIE"]
[BlackTeamCountry "CHN"]
[TimeControl "40/5400+30:1800+30"]

1. d4 {(00:00)} Nf6 {(00:00)} 2. c4 {(00:01)} e6 {(
00:00)} 3. Nc3 {(00:33)} Bb4 {(00:19)} 4. Qc2 {(00:58)}
O-O {(00:51)} 5. a3 {(01:00)} Bxc3+ {(00:05)} 6. Qxc3 {
(00:09)} d5 {(00:05)} 7. Bg5 {(00:43)} dxc4 {(00:
57)} 8. Qxc4 {(02:48)} b6 {(00:04)} 9. Nf3 {(01:35)} Ba6 {
(00:27)} 10. Qa4 {(01:54)} Qd7 {(00:33)} 11. Qxd7 {
(04:16)} Nbxd7 {(00:03)} 12. Bxf6 {(02:51)} Nxf6 {(
06:19)} 13. e3 {(01:44)} Bb7 {(01:15)} 14. Be2 {(01:21)}
Rfc8 {(01:52)} 15. Rc1 {(01:40)} c5 {(01:24)} 16. O-O {
(07:03)} cxd4 {(04:47)} 17. Nxd4 {(01:33)} a6 {(00:
04)} 18. Bf3 {(06:23)} Bxf3 {(21:25)} 19. Nxf3 {(02:26)}
Kf8 {(05:05)} 20. Rfd1 {(02:07)} Ke8 {(03:59)} 21. Ne5 {
(03:32)} b5 {(03:04)} 22. Kf1 {(06:12)} Ne4 {(10:
24)} 23. Ke2 {(08:27)} f6 {(04:00)} 24. Nc6 {(04:48)} Rc7
{(00:14)} 25. Nd4 {(06:38)} Rxc1 {(00:30)} 26. Rxc1 {
(00:09)} Kd7 {(00:03)} 27. f4 {(02:43)} Nd6 {(01:
47)} 28. b3 {(08:00)} Re8 {(02:44)} 29. Nf3 {(01:56)} h6 {
(00:29)} 30. Ne1 {(05:57)} Rc8 {(04:54)} 31. Rxc8 {
(00:36)} Nxc8 {(02:44)} 1/2-1/2